 Dungeon Crawl Stone Soup version 0.19-a0-1717-gc7c1317 (webtiles) character file.

123 Ginkk the Skirmisher (level 4, 0/37 HPs)
             Began as a Demonspawn Abyssal Knight on Sept 28, 2016.
             Was a Follower of Lugonu.
             Succumbed to a worker ant's poison
             ... on level 5 of the Dungeon on Sept 29, 2016.
             The game lasted 00:11:10 (2418 turns).

Ginkk the Skirmisher (Demonspawn Abyssal Knight)    Turns: 2418, Time: 00:11:10

Health: 0/37       AC:  4    Str: 13    XL:     4   Next: 80%
Magic:  5/5        EV: 11    Int: 16    God:    Lugonu [*.....]
Gold:   133        SH:  0    Dex: 12    Spells: 0 memorised, 3 levels left

rFire  . . .     SeeInvis .     e - +1 glaive
rCold  . . .     Gourm    .     b - +0 leather armour
rNeg   . . .     Faith    .     (shield currently unavailable)
rPois  .         Spirit   .     (no helmet)
rElec  .         Dismiss  .     (no cloak)
rCorr  .         Reflect  .     (no gloves)
MR     .....     Harm     .     (no boots)
Stlth  ++........               (no amulet)
                                (no ring)
                                h - -3 ring of intelligence (curse)

@: brilliant, lethally poisoned (0 -> -9)
A: claws 2, nightstalker 1
a: Depart the Abyss, Renounce Religion


You were on level 5 of the Dungeon.
You worshipped Lugonu.
Lugonu was aware of your devotion.
You were not hungry.

You visited 1 branch of the dungeon, and saw 5 of its levels.
You visited the Abyss 1 time.

You collected 133 gold pieces.

Inventory:

Hand Weapons
 a - a +1 falchion
 e - a +1 glaive (weapon)
 f - a +0 dagger
 g - a +0 hunting sling
 i - a +0 war axe
Missiles
 j - 69 stones (quivered)
 m - 14 bolts
 n - 3 needles of sleeping
 o - 13 arrows
Armour
 b - a +0 leather armour (worn)
Jewellery
 h - a cursed -3 ring of intelligence (left claw)
Scrolls
 k - 2 scrolls of recharging
Potions
 p - 2 potions of cancellation
Comestibles
 c - 2 bread rations
 d - a slice of pizza


   Skills:
 + Level 3.9 Fighting
 + Level 2.0 Long Blades
 + Level 2.3 Polearms
 + Level 2.2 Armour
 + Level 1.2 Dodging
 + Level 1.0 Stealth
 + Level 2.4 Invocations


You had 3 spell levels left.
You didn't know any spells.

Dungeon Overview and Level Annotations

Branches:
Dungeon (5/15)
 Temple: D:4-7

Altars:


Innate Abilities, Weirdness & Mutations

You have very sharp fingernails.
You are slightly more attuned to the shadows.


Message History

The worker ant bites you but does no damage.
You hit the worker ant but do no damage.
You feel sick. The worker ant closely misses you. The worker ant bites you.
* * * LOW HITPOINT WARNING * * *
You are lethally poisoned!
The worker ant poisons you!
You slash the worker ant!
The worker ant is severely wounded.
* * * LOW HITPOINT WARNING * * *
You feel sick. The worker ant closely misses you.
The worker ant bites you but does no damage.
You feel clever all of a sudden.
* * * LOW HITPOINT WARNING * * *
You feel sick. The worker ant bites you.
* * * LOW HITPOINT WARNING * * *
You slash the worker ant!
You kill the worker ant!
Lugonu accepts your kill.
Your Stealth skill increases to level 1!
You die...

#.# ... #.# #.# #.#
#.# #.# #.#
#####.####.####..
#....>...........
#.###.#..#.####..
###.###.#..#.####
#.@†............###
#.###.#....#.......
#..................
#.....#............
####.......##......
####.##.#..##......
#....<..#..####+###
.......#.#..#
#..##....#..#


There were no monsters in sight!

Vanquished Creatures
  3 worker ants
  2 adders
  A shadow imp (D:5)
  2 worms
  2 leopard geckos
  3 bats
  A giant cockroach (D:1)
  3 goblins
  A hobgoblin (D:1)
  A quokka (D:4)
  A frilled lizard (D:2)
  3 kobolds
  2 rats
25 creatures vanquished.

Notes
Turn   | Place    | Note
-------+----------+-------------------------------------------
     0 | Abyss:1  | Ginkk the Demonspawn Abyssal Knight began the quest for the Orb.
     0 | Abyss:1  | Reached XP level 1. HP: 18/18 MP: 2/2
   155 | Abyss:2  | Noticed an ancient zyme
   159 | Abyss:2  | Noticed a thrashing horror
   159 | D:1      | Escaped the Abyss
   211 | D:1      | Gained mutation: You are slightly more attuned to the shadows. [demonic ancestry]
   211 | D:1      | Reached XP level 2. HP: 13/24 MP: 3/3
   515 | D:2      | Reached * piety under Lugonu
   718 | D:2      | Reached skill level 1 in Dodging
   778 | D:2      | Gained mutation: You have sharp fingernails. [demonic ancestry]
   778 | D:2      | Reached XP level 3. HP: 12/30 MP: 4/4
  1064 | D:3      | HP: 1/30 [worm (6)]
  1388 | D:4      | Reached skill level 1 in Polearms
  1451 | D:4      | Noticed a phantom
  1504 | D:4      | HP: 1/30 [phantom (1)]
  1807 | D:4      | Gained mutation: You have very sharp fingernails. [demonic ancestry]
  1807 | D:4      | Reached XP level 4. HP: 20/37 MP: 5/5
  2369 | D:5      | Entered Level 5 of the Dungeon
  2418 | D:5      | Reached skill level 1 in Stealth
  2418 | D:5      | Succumbed to a worker ant's poison

Vault maps used:
D:1:      scummos_arrival_star
D:3:      lemuel_doored_altar, first_bread
D:4:      kennysheep_six_static_rooms, yredelemnul_altar_generic, uniq_menkaure,
          uniq_duvessa
D:5:      kennysheep_decorative_pillar

Skill      XL: |  1  2  3  4 |
---------------+-------------+-----
Long Blades    | 2 |  2.0
Dodging        | 1 |  1.2
Polearms       | 1 2 |  2.3
Armour         | 2 |  2.2
Stealth        | 1 |  1.0
Fighting       | |  3.9
Invocations    | |  2.4

Action                   |  1- 3 |  4- 6 || total
-------------------------+-------+-------++-------
Melee: Falchion          |    32 |       ||    32
       Glaive            |    65 |    16 ||    81
Invok: Depart the Abyss  |     1 |       ||     1
  Use: Potion            |     3 |     1 ||     4
       Scroll            |     3 |       ||     3
 Stab: Sleeping          |     1 |     1 ||     2
  Eat: Meat ration       |     1 |       ||     1
Armor: Leather armour    |    35 |     2 ||    37
Dodge: Dodged            |    76 |    13 ||    89
